 Dungeon Crawl Stone Soup version 0.21-a0-104-g7b58145 (webtiles) character file.

321 Ordine the Chopper (level 6, -2/55 HPs)
             Began as a Deep Dwarf Fighter on July 6, 2017.
             Slain by an iguana (10 damage)
             ... on level 3 of the Dungeon.
             The game lasted 00:05:58 (2152 turns).

Ordine the Chopper (Deep Dwarf Fighter)             Turns: 2152, Time: 00:05:59

Health: -2/55      AC:  9    Str: 20    XL:     6   Next: 22%
Magic:  6/6        EV:  7    Int:  9    God:
Gold:   95         SH: 10    Dex: 13    Spells: 5/5 levels left

rFire    . . .     SeeInvis .   a - +0 war axe
rCold    . . .     Gourm    .   c - +0 shield
rNeg     . . .     Faith    .   b - +0 scale mail
rPois    .         Spirit   .   e - +1 helmet
rElec    .         Reflect  .   (no cloak)
rCorr    .         Harm     .   (no gloves)
MR       +....                  (no boots)
Stlth    ..........             (no amulet)
HPRegen  0.00/turn              k - ring of protection from magic
MPRegen  0.10/turn              (no ring)

@: non-regenerating
A: damage resistance, heal wounds, sense surroundings 1, no regeneration
a: Heal Wounds


You were on level 3 of the Dungeon.
You were hungry.

You visited 1 branch of the dungeon, and saw 3 of its levels.

You collected 95 gold pieces.

Inventory:

Hand Weapons
 a - a +0 war axe (weapon)
Armour
 b - a +0 scale mail (worn)
 c - a +0 shield (worn)
 e - a +1 helmet (worn)
Jewellery
 k - a ring of protection from magic (left hand)
Scrolls
 l - 2 scrolls of remove curse
 r - a scroll of amnesia
Potions
 d - a potion of might
 h - 2 potions of ambrosia
 i - 2 potions of resistance
 j - a potion of lignification
 n - a potion of haste {unknown}
 o - a potion of mutation
 q - a potion of degeneration {unknown}
 s - a potion of curing {unknown}
Comestibles
 f - 2 bread rations
 g - 8 fruits
 m - 3 chunks of flesh
 p - 3 royal jellies


   Skills:
 - Level 2.6 Fighting
 * Level 5.8 Axes
 - Level 3.2 Armour
 + Level 5.4 Shields


You had 5 spell levels left.
You didn't know any spells.

Dungeon Overview and Level Annotations

Branches:
Dungeon (3/15)

Altars:
Nemelex Xobeh
Okawaru
The Shining One


Innate Abilities, Weirdness & Mutations

You are resistant to damage.
You can heal yourself by infusing magical energy.
You passively map a small area around you.
You do not regenerate.


Message History

The iguana is moderately wounded.
You block the iguana's attack.
You hit the iguana.
The iguana is heavily wounded.
The iguana barely misses you.
You hit the iguana but do no damage.
The iguana is heavily wounded.
You are feeling hungry.
The iguana bites you.
* * * LOW HITPOINT WARNING * * *
The iguana bites you!
* * * LOW HITPOINT WARNING * * *
You closely miss the iguana.
The iguana is heavily wounded.
The iguana closely misses you.
You closely miss the iguana.
The iguana is heavily wounded.
The iguana hisses menacingly.
The iguana bites you!
You die...

#.* ########### #...)..( #.
###.........# #....... #.*
#.+...<.....# #....... #.#
#.#.........# #.......
#.###.#.........# #.......
#...............# ########......
#...............# #.....##......
#...............###.###.##......
#........(....l@.....##.##......
##..........########..##.##......
...#....##### #..##.........
########## #..#####......
...#.....# #..# #......
##.##.##.# #..# #...... #.#...#.#
#..# #...... #.##..#.# #..#
#...... #.#...#.# #..# #......


You could see an iguana.

Vanquished Creatures
  Grinder (D:3)
  Terence (D:3)
  3 adders
  3 dart slugs (D:1)
  A leopard gecko (D:1)
  8 bats
  5 giant cockroaches
  7 goblins
  8 hobgoblins
  4 jackals (D:1)
  A ball python (D:2)
  5 frilled lizards
  12 kobolds
  6 rats
65 creatures vanquished.

Notes
Turn   | Place    | Note
-------+----------+-------------------------------------------
     0 | D:1      | Ordine the Deep Dwarf Fighter began the quest for the Orb.
     0 | D:1      | Reached XP level 1. HP: 20/20 MP: 1/1
    83 | D:1      | Reached XP level 2. HP: 25/27 MP: 2/2
   524 | D:1      | Reached XP level 3. HP: 25/33 MP: 3/3
   993 | D:2      | Found a glowing golden altar of the Shining One.
  1061 | D:2      | Reached XP level 4. HP: 22/40 MP: 4/4
  1077 | D:2      | Found a sparkling altar of Nemelex Xobeh.
  1436 | D:2      | Found an iron altar of Okawaru.
  1665 | D:3      | Noticed Terence
  1678 | D:3      | Killed Terence
  2019 | D:3      | Noticed Grinder
  2039 | D:3      | Killed Grinder
  2039 | D:3      | Reached skill level 5 in Axes
  2039 | D:3      | Reached skill level 5 in Shields
  2039 | D:3      | Reached XP level 5. HP: 15/46 MP: 5/5
  2039 | D:3      | Reached XP level 6. HP: 17/55 MP: 6/6
  2152 | D:3      | Slain by an iguana

Vault maps used:
D:1:      dpeg_arrival_rooms_b, minmay_cut_off
D:2:      kennysheep_okawaru_gauntlet, nemelex_xobeh_ov_fountains_minmay,
          nicolae_tso_swordbearing_angel
D:3:      uniq_terence, uniq_grinder

Skill      XL: |  1  2  3  4 |
---------------+-------------+-----
Axes           | 3 5 |  5.8
Shields        | 4 5 |  5.4
Fighting       | |  2.6
Armour         | |  3.2

Action                   |  1- 3 |  4- 6 || total
-------------------------+-------+-------++-------
Melee: War axe           |   138 |    94 ||   232
  Use: Scroll            |     3 |     5 ||     8
       Potion            |       |     1 ||     1
  Eat: Chunk             |     1 |     3 ||     4
Armor: Scale mail        |    79 |    43 ||   122
Dodge: Dodged            |    50 |    37 ||    87
Block: Shield            |    79 |    50 ||   129
